 Dungeon Crawl Stone Soup version 0.26.1-11-gd32895ea62 (webtiles) character file.

Game seed: 3494561436104798513

12542 nothank2 the Arsonist (level 11, -3/74 HPs)
             Began as a Yellow Draconian Fire Elementalist on June 13, 2021.
             Was an Elder of Vehumet.
             Slain by a shadow (26 damage)
             ... on level 12 of the Dungeon.
             The game lasted 01:19:06 (15804 turns).

nothank2 the Arsonist (DrFE)                       Turns: 15804, Time: 01:19:07

Health: -3/74      AC: 13    Str: 10    XL:     11   Next: 63%
Magic:  0/33       EV: 12    Int: 18    God:    Vehumet [****..]
Gold:   818        SH:  5    Dex: 13    Spells: 7/28 levels left

rFire    + . .     SeeInvis .   y - staff of fire
rCold    + . .     Faith    .   w - +0 buckler
rNeg     . . .     Spirit   +   (armour unavailable)
rPois    .         Reflect  .   n - +2 hat
rElec    .         Harm     .   l - +1 cloak
rCorr    +         Rampage  .   q - +0 pair of gloves
Will     .....                  v - +0 pair of boots
Stlth    ++........             e - amulet of guardian spirit
HPRegen  0.22/turn              a - ring of magical power
MPRegen  0.23/turn              z - ring of protection from cold

@: very slightly contaminated, invisible
A: spit acid, unfitting armour, cold-blooded, acid resistance, AC +7
a: Breathe Acid, Renounce Religion


You were on level 12 of the Dungeon.
You worshipped Vehumet.
Vehumet was greatly pleased with you.
You visited 1 branch of the dungeon, and saw 12 of its levels.

You collected 818 gold pieces.

Inventory:

Hand Weapons
 d - a +4 dagger of holy wrath
 H - a +3 hunting sling of flaming
Missiles
 I - 59 sling bullets
Armour
 l - a +1 cloak (worn)
 n - a +2 hat (worn)
 q - a +0 pair of gloves (worn)
 v - a +0 pair of boots (worn)
 w - a +0 buckler (worn)
Magical Staves
 y - an uncursed staff of fire (weapon)
 D - an uncursed staff of conjuration
Jewellery
 a - a ring of magical power (left hand)
 e - an amulet of guardian spirit (around neck)
 m - an uncursed ring of protection from fire
 z - a ring of protection from cold (right hand)
 C - an uncursed ring of see invisible
 J - an uncursed ring of positive energy {unknown}
Wands
 f - a wand of enslavement (8)
 h - a wand of iceblast (2)
 i - a wand of flame (22)
 B - a wand of random effects (7)
 G - a wand of polymorph (6)
Scrolls
 b - 2 scrolls of magic mapping
 c - a scroll of remove curse
 g - a scroll of fog
 j - 4 scrolls of amnesia
 k - 6 scrolls of identify
Potions
 o - 3 potions of might
 p - a potion of brilliance
 r - a potion of berserk rage
 s - a potion of flight
 x - a potion of curing


   Skills:
 + Level 0.2 Staves
 + Level 1.7 Dodging
 - Level 1.7 Stealth
 - Level 4.0 Shields
 + Level 9.4 Spellcasting
 + Level 10.9 Conjurations
 - Level 2.0 Translocations
 + Level 10.9 Fire Magic


You had 7 spell levels left.
You knew the following spells:

 Your Spells              Type           Power        Failure   Level
a - Foxfire               Conj/Fire      100%         1%          1
b - Sticky Flame          Conj/Fire      64%          1%          4
c - Blink                 Tloc           N/A          5%          2
d - Magic Dart            Conj           100%         1%          1
e - Mephitic Cloud        Conj/Pois/Air  21%          1%          3
f - Fireball              Conj/Fire      32%          1%          5
g - Lee's Rapid Deconstr  Erth           4%           50%         5

Your spell library contained the following spells:

 Spells                   Type           Power        Failure   Level
 Searing Ray              Conj           94%          1%          2
 Conjure Flame            Conj/Fire      64%          1%          3
 Dazzling Flash           Conj/Hex       56%          1%          3
 Inner Flame              Hex/Fire       42%          1%          3
 Iskenderun's Mystic Bla  Conj/Tloc      31%          1%          4
 Fulminant Prism          Conj/Hex       14%          2%          4
 Apportation              Tloc           30%          3%          1
 Animate Skeleton         Necr           16%          9%          1
 Pain                     Necr           32%          9%          1
 Lesser Beckoning         Tloc           7%           11%         3
 Call Imp                 Summ           8%           13%         2
 Slow                     Hex            8%           13%         2
 Tukima's Dance           Hex            8%           26%         3
 Vampiric Draining        Necr           4%           26%         3
 Animate Dead             Necr           4%           63%         4
 Agony                    Necr           8%           93%         5
 Alistair's Intoxication  Tmut/Pois      5%           93%         5
 Invisibility             Hex            8%           100%        6


Dungeon Overview and Level Annotations

Branches:
Dungeon (12/15)            Temple (0/1) D:6            Lair (0/6) D:10
    Orc (0/2) D:11

Altars:
Elyvilon
Fedhas
Kikubaaqudgha
Nemelex Xobeh
Qazlal
Vehumet
Wu Jian
The Shining One


Innate Abilities, Weirdness & Mutations

You can spit globs of acid.
Your golden yellow scales are hard. (AC +7)
You cannot fit into any form of body armour.
You are cold-blooded and may be slowed by cold attacks.
You are resistant to acid. (rCorr)


Message History

The death knight mumbles some strange prayers to Yredelemnul against something.
There is an open door here.
Found 19 gold pieces.
You see here 19 gold pieces.
The shadow strikes at you from the darkness!
* * * LOW HITPOINT WARNING * * *
Reactivating autopickup.
Casting: Sticky Flame (safe; 1% risk of failure)
Confirm with . or Enter, or press ? or * to list all spells.
Aiming: Sticky Flame (safe; 1% risk of failure)
Press: ? - help, Shift-Dir - straight line, f - shadow
Aim: a shadow (0% to evade)
You feel a surge of power!
The sticky flame hits the shadow.
The shadow is lightly damaged.
The shadow slips into darkness.
The shadow flickers and vanishes!
Deactivating autopickup; reactivate with Ctrl-A.
You hit something but do no damage.
The shadow strikes at you from the darkness!
You die...

# .. ... ....
####+######
.....####......{@.#
(.......#.#.#####.#
.....##.p.#.#...#.#
.... ###.###.###.+
### #...<.# .#
###'### ## #.# #.#
#.###


There were no monsters in sight!

Vanquished Creatures
  2 boulder beetles (D:11)
  A two-headed ogre (D:8)
  Pikel (D:4)
  An ugly thing (D:11)
  Joseph (D:8)
  7 trolls
  Grinder (D:6)
  A meliai zombie (D:10)
  Edmund (D:5)
  A water moccasin (D:12)
  Duvessa (D:6)
  A soldier ant (D:10)
  9 orc warriors
  3 ice beasts
  A black bear (D:9)
  A sky beast (D:8)
  9 ogres
  2 phantoms (D:4)
  4 wolves (D:10)
  2 lemures (D:3)
  3 centaurs
  4 big kobolds
  8 bullfrogs
  4 gnoll sergeants (D:11)
  A water moccasin zombie (D:8)
  A wyvern skeleton (D:11)
  5 scorpions
  A water moccasin skeleton (D:5)
  Dowan (D:6)
  4 killer bees
  9 wights
  4 electric eels (D:10)
  4 howler monkeys
  A bullfrog zombie (D:5)
  A jelly (D:10)
  A quasit (D:7)
  13 hounds
  A centaur skeleton (D:10)
  6 orc priests
  A bullfrog skeleton (D:9)
  9 worker ants
  14 orc wizards
  7 iguanas
  A killer bee zombie (D:8)
  3 hound skeletons
  2 worker ant zombies
  Robin (D:3)
  A howler monkey skeleton (D:11)
  8 adders
  6 gnolls (D:11)
  2 shadow imps
  A white imp (D:9)
  An ufetubus (D:8)
  An adder zombie (D:6)
  An ooze (D:4)
  7 worms
  A dart slug (D:3)
  8 leopard geckos
  53 orcs
  7 giant cockroaches
  15 goblins
  16 hobgoblins
  21 jackals
  3 quokkas
  9 bats
  5 frilled lizards
  14 kobolds
  A leopard gecko skeleton (D:4)
  2 quokka skeletons
  7 rats
350 creatures vanquished.

Vanquished Creatures (others)
  796 foxfires
  6 plants (D:12)
802 creatures vanquished.

Grand Total: 1152 creatures vanquished

Notes
Turn   | Place    | Note
-------+----------+-------------------------------------------
     0 | D:1      | nothank2 the Draconian Fire Elementalist began the quest
                  | for the Orb.
     0 | D:1      | Reached XP level 1. HP: 14/14 MP: 3/3
   316 | D:1      | Reached XP level 2. HP: 19/20 MP: 5/5
   944 | D:2      | Reached XP level 3. HP: 25/26 MP: 6/6
  1674 | D:2      | Reached XP level 4. HP: 33/33 MP: 8/8
  1707 | D:2      | Learned a level 4 spell: Sticky Flame
  1885 | D:2      | Found a glowing golden altar of the Shining One.
  1999 | D:3      | Noticed Robin
  2023 | D:3      | Killed Robin
  2321 | D:3      | Reached XP level 5. HP: 38/38 MP: 10/10
  2361 | D:3      | Learned a level 2 spell: Blink
  2380 | D:3      | Found a blossoming altar of Fedhas.
  2835 | D:4      | Learned a level 1 spell: Magic Dart
  2895 | D:4      | Noticed a phantom
  2954 | D:4      | Killed a phantom
  2955 | D:4      | Reached skill level 1 in Translocations
  2955 | D:4      | Reached XP level 6. HP: 13/45 MP: 0/11
  3713 | D:4      | Reached skill level 5 in Fire Magic
  3713 | D:4      | Your scales start taking on a golden yellow colour.
  3713 | D:4      | Reached XP level 7. HP: 50/50 MP: 12/13
  3713 | D:4      | Gained mutation: You are resistant to acid. (rCorr) [Yellow
                  | Draconian growth]
  3910 | D:4      | Noticed Pikel
  4536 | D:4      | Killed Pikel
  4537 | D:4      | Reached skill level 5 in Spellcasting
  4761 | D:4      | Learned a level 3 spell: Mephitic Cloud
  4889 | D:4      | Reached skill level 5 in Conjurations
  4889 | D:4      | Reached XP level 8. HP: 56/57 MP: 16/16
  5079 | D:4      | Learned a level 5 spell: Fireball
  5678 | D:5      | Entered Level 5 of the Dungeon
  5767 | D:5      | You fall into a shaft and drop 1 floor!
  6043 | D:5      | Found a stormy altar of Qazlal.
  6137 | D:5      | Noticed Edmund
  6149 | D:5      | Killed Edmund
  6225 | D:5      | Found a radiant altar of Vehumet.
  6234 | D:5      | Became a worshipper of Vehumet
  6246 | D:5      | Found an ancient bone altar of Kikubaaqudgha.
  6246 | D:5      | Found a white marble altar of Elyvilon.
  6255 | D:5      | Found an ornate altar of the Wu Jian Council.
  6257 | D:5      | Found a sparkling altar of Nemelex Xobeh.
  6396 | D:6      | Found a staircase to the Ecumenical Temple.
  6674 | D:6      | Noticed Grinder
  6681 | D:6      | Paralysed by Grinder for 6 turns
  6690 | D:6      | Killed Grinder
  6691 | D:6      | Reached XP level 9. HP: 52/62 MP: 11/18
  7541 | D:6      | Reached * piety under Vehumet
  7541 | D:6      | Offered knowledge of Sandblast by Vehumet.
  7744 | D:6      | Noticed Duvessa
  7744 | D:6      | Noticed Dowan
  7759 | D:6      | Killed Dowan
  7768 | D:6      | Killed Duvessa
  9519 | D:8      | Reached skill level 1 in Shields
  9661 | D:8      | Noticed a two-headed ogre
  9688 | D:8      | Killed a two-headed ogre
  9689 | D:8      | Reached XP level 10. HP: 53/69 MP: 3/20
  9986 | D:8      | Noticed Joseph
  9998 | D:8      | Killed Joseph
 10454 | D:8      | Offered knowledge of Shock by Vehumet.
 10896 | D:8      | Reached ** piety under Vehumet
 11023 | D:9      | You fall into a shaft and drop 1 floor!
 11023 | D:10     | Entered Level 10 of the Dungeon
 11593 | D:10     | HP: 2/103 [wight/+0 mace (4)]
 11907 | D:11     | Noticed a green ugly thing
 11988 | D:10     | Found a staircase to the Lair.
 12062 | D:10     | Offered knowledge of Frozen Ramparts by Vehumet.
 12696 | D:10     | Reached *** piety under Vehumet
 12697 | D:10     | Reached skill level 10 in Fire Magic
 12855 | D:9      | Reached skill level 10 in Conjurations
 12902 | D:9      | Reached XP level 11. HP: 74/74 MP: 23/23
 13269 | D:9      | Offered knowledge of Ignite Poison by Vehumet.
 14089 | D:11     | Found a staircase to the Orcish Mines.
 14093 | D:11     | Reached **** piety under Vehumet
 14102 | D:11     | Offered knowledge of Lee's Rapid Deconstruction by Vehumet.
 14270 | D:11     | Learned a level 5 spell: Lee's Rapid Deconstruction
 14317 | D:11     | Killed a green ugly thing
 14695 | D:11     | Noticed a boulder beetle
 14718 | D:11     | Killed a boulder beetle
 15027 | D:11     | Noticed a boulder beetle
 15081 | D:11     | Killed a boulder beetle
 15782 | D:12     | Noticed a death knight
 15804 | D:12     | Slain by a shadow

Illustrated notes

Levels and vault maps discovered:
D:1:      dpeg_arrival_rooms_c, layout_basic, minmay_fountain_box, minivault_27,
          minmay_pentomino_q2
D:2:      layout_loops_ring, lemuel_round_altar
D:3:      layout_rooms, fedhas_altar_4, minmay_cupped, uniq_robin
D:4:      minmay_razor_zed, layout_cave_pools, uniq_pikel
D:5:      layout_rooms, minmay_overflow_temple_star_hex, kennysheep_little_box,
          uniq_edmund
D:6:      layout_layer_cave, minmay_temple_entry_waves, serial_glass,
          glass_columns_b, glass_columns_a, glass_columns_a, glass_columns_c,
          glass_columns_a, glass_columns_b, glass_columns_c, glass_columns_c,
          item_on_display_b, item_on_display_a, item_on_display_b,
          feat_on_display, kennysheep_potato, uniq_grinder, uniq_duvessa
D:7:      layout_basic, enter_ossuary_1
D:8:      layout_loops_corners, uniq_joseph
D:9:      layout_roguey, serial_co_window_serial, co_window_cross_1,
          co_window_paths_a, co_window_paths_a, co_window_corner_a,
          co_window_paths_b, co_window_corner_a, co_window_corner_a,
          co_window_broadway_a, co_window_corner_cb, co_window_cross_2,
          co_window_4corner_b, co_window_paths_e, glass_columns_b,
          glass_columns_c, glass_columns_a, glass_columns_b, glass_columns_a
D:10:     layout_roguey, erik_lair_island
D:11:     layout_stronghold, kennysheep_orc_monster_closet_entryway
D:12:     layout_roguey, introduction_to_nature_2, uniq_maurice, uniq_josephine

Skill      XL: |  1  2  3  4  5  6  7  8  9 10 11 |
---------------+----------------------------------+-----
Fire Magic     | 4 5 7 9 10 | 10.9
Spellcasting   | 3 4 5 6 7 8 9 |  9.4
Conjurations   | 2 3 5 7 8 10 | 10.9
Translocations | 1 2 |  2.0
Shields        | 2 4 |  4.0
Staves         | |  0.2
Dodging        | |  1.7
Stealth        | |  1.7

Action                   |  1- 3 |  4- 6 |  7- 9 | 10-12 || total
-------------------------+-------+-------+-------+-------++-------
Melee: Short sword       |    12 |       |       |       ||    12
       Club              |     3 |       |       |       ||     3
       Tailslap          |     7 |     9 |    11 |    10 ||    37
       Dagger            |    53 |   118 |   120 |       ||   291
       Staff             |       |       |    62 |    92 ||   154
 Cast: Foxfire           |    51 |    59 |   217 |   143 ||   470
       Magic Dart        |       |    45 |    14 |       ||    59
       Blink             |       |       |     1 |       ||     1
       Sticky Flame      |       |       |    20 |    45 ||    65
       Mephitic Cloud    |       |       |     4 |       ||     4
       Fireball          |       |       |       |    56 ||    56
 Abil: Breathe Acid      |       |       |     5 |       ||     5
  Use: Scroll            |       |    12 |     7 |     7 ||    26
       Potion            |       |     5 |       |     7 ||    12
 Stab: Sleeping          |       |     2 |     2 |       ||     4
Armor: Skin              |    25 |    53 |   117 |    61 ||   256
Dodge: Dodged            |    39 |    78 |   162 |    92 ||   371
Block: Buckler           |       |       |    14 |    41 ||    55
